 Dungeon Crawl Stone Soup version 0.31-a0-232-gb1c03b2570 (webtiles) character file.

Game seed: 8983741451421106543

116 qw the Shooter (level 4, 0/36 HPs)
             Began as a Minotaur Hexslinger on July 7, 2023.
             Succumbed to an adder's poison
             ... on level 2 of the Dungeon.
             The game lasted 00:00:50 (2077 turns).

qw the Shooter (Minotaur Hexslinger)                Turns: 2077, Time: 00:00:51

Health: 0/36       AC:  5    Str: 13    XL:     4   Next: 70%
Magic:  4/4        EV: 11    Int: 10    God:
Gold:   64         SH:  0    Dex: 14    Spells: 4/5 levels left

rFire   . . .        Y - +1 sling
rCold   . . .        (no shield)
rNeg    . . .        d - +0 ring mail
rPois   .            (helmet restricted)
rElec   .            (no cloak)
rCorr   .            (no gloves)
SInv    .            (no boots)
Will    .....        (no amulet)
Stlth   +            (no ring)
HPRegen 0.26/turn    (no ring)
MPRegen 0.09/turn

%: no passive effects
@: lethally poisoned (0 -> -1)
A: horns 2, retaliatory headbutt
a: no special abilities


You were on level 2 of the Dungeon.
You visited 1 branch of the dungeon, and saw 3 of its levels.

You collected 64 gold pieces.


Innate Abilities, Weirdness & Mutations

You have a pair of horns on your head.
You reflexively headbutt those who attack you in melee.


   Skills:
 + Level 2.3 Fighting
 - Level 5.0 Ranged Weapons
 - Level 1.0 Armour
 - Level 2.1 Dodging
 - Level 1.0 Spellcasting
 - Level 2.0 Hexes


You had 4 spell levels left.
You knew the following spells:

 Your Spells              Type           Power      Damage    Failure   Level
a - Slow                  Hex            16%        N/A       32%         1

Your spell library contained the following spells:

 Spells                   Type           Power      Damage    Failure   Level
 Inner Flame              Hex/Fire       2%         N/A       82%         3
 Portal Projectile        Hex/Tloc       4%         N/A       82%         3
 Cause Fear               Hex            2%         N/A       97%         4

Inventory:

Hand Weapons
 Y - a +1 sling (weapon)
Armour
 d - a +0 ring mail (worn)
Scrolls
 e - 2 scrolls of teleportation
 f - 3 scrolls of identify
Potions
 a - a potion of curing
 h - a potion of mutation

Dungeon Overview and Level Annotations

Branches:
Dungeon (3/15)

Altars:
Uskayaw

Annotations:
D:2 1 runed translucent door, Crazy Yiuf


Message History

You shoot a sling bullet.
The sling bullet hits the orc but does no damage.
The adder bites you but does no damage. The orc barely misses you.
The orc hits you with a +0 club. The adder closely misses you.
You furiously retaliate!
You headbutt the adder, but do no damage.
The orc closely misses you. The orc misses you.
You shoot a sling bullet. The sling bullet barely misses the orc.
The adder bites you.
You are poisoned.
The adder poisons you! The orc closely misses you. The orc barely misses you.
The adder bites you.
You are more poisoned.
The adder poisons you!
You shoot a sling bullet. The sling bullet hits the orc.
The orc is moderately wounded.
You feel very sick. The adder closely misses you.
The orc hits you but does no damage. The orc hits you with a +0 whip.
2074 ||| READING 3 scrolls of teleportation.
As you read the scroll of teleportation, it crumbles to dust.
You feel strangely unstable.
You feel sick. The adder bites you but does no damage.
The orc barely misses you. The orc hits you but does no damage.
The adder closely misses you.
You shoot a sling bullet. The sling bullet hits the orc.
The orc is heavily wounded.
You feel sick. The orc closely misses you. You furiously retaliate!
You headbutt the orc.
You kill the orc!
The orc barely misses you. You furiously retaliate!
You headbutt the orc. The adder bites you but does no damage.
You shoot a sling bullet.
The sling bullet closely misses the orc.
You feel sick. The adder closely misses you. The orc misses you.
The adder barely misses you. The orc hits you with a +0 club.
You shoot a sling bullet. The sling bullet hits the orc.
You kill the orc!
Your surroundings suddenly seem different.
You die...

.>...##.#..#........# #.).#7
.....##.#...........# ### 7
.....##........##.######
.....##................#
.....###.......####.##.##########
.....# #.............#.#.........
.....# #.............#.#.####.###
.....# ######........#.#.........
.....########...@......#..###.#..
...<..........................#..
.........................######..
.............#####....##..###.+..
.............# #....##...##.#..
.............#####....##.#.##.#..
.........................#..#.#..
.............##############...#.#
.............######### ##)S..#


There were no monsters in sight!

Vanquished Creatures
  4 adders (D:2)
  3 worms
  5 dart slugs
  2 orcs (D:2)
  5 ball pythons
  A bat (D:2)
  7 endoplasms
  3 giant cockroaches (D:2)
  4 goblins
  6 hobgoblins
  4 jackals (D:2)
  5 frilled lizards
  5 kobolds
  5 rats
59 creatures vanquished.

Notes
Turn   | Place    | Note
-------+----------+-------------------------------------------
     0 | D:1      | qw the Minotaur Hexslinger began the quest for the Orb.
     0 | D:1      | Reached XP level 1. HP: 16/16 MP: 1/1
     0 | D:1      | 0 ||| qw: Version: 0.3-a-46-gb1f654a
     0 | D:1      | 0 ||| qw: Game counter: 2287
     0 | D:1      | 0 ||| qw: Melee chars always use a shield: true
     0 | D:1      | 0 ||| qw: God list: Okawaru
     0 | D:1      | 0 ||| qw: Allow faded altars: false
     0 | D:1      | 0 ||| qw: Do Orc after clearing Dungeon:15 true
     0 | D:1      | 0 ||| qw: Do second Lair branch before Depths: true
     0 | D:1      | 0 ||| qw: Lair rune preference: random
     0 | D:1      | 0 ||| qw: Goals: Normal
     0 | D:1      | 0 ||| PLANNING D:1-11
   133 | D:1      | Reached skill level 3 in Ranged Weapons
   133 | D:1      | Reached XP level 2. HP: 23/23 MP: 2/2
   705 | D:1      | Reached XP level 3. HP: 29/29 MP: 3/3
   837 | D:1      | 837 ||| UPGRADING to +0 ring mail.
   847 | D:1      | 847 ||| DROPPING +0 robe.
   848 | D:1      | 848 ||| READING scroll labelled YPHEASK PUOHUF.
   849 | D:1      | 849 ||| READING 2 scrolls labelled SOLYDO TALU.
   850 | D:1      | 850 ||| READING scroll labelled MUAMMIG KUSOA.
   851 | D:1      | 851 ||| DROPPING scroll of poison.
   891 | D:2      | 891 ||| FLEEEEING.
   892 | D:2      | 892 ||| FLEEEEING.
   893 | D:2      | 893 ||| FLEEEEING.
   894 | D:2      | 894 ||| FLEEEEING.
   896 | D:2      | 896 ||| STAIRDANCE
   919 | D:2      | 919 ||| STAIRDANCE
  1025 | D:2      | Reached skill level 4 in Ranged Weapons
  1095 | D:2      | Found a hide-covered altar of Uskayaw.
  1109 | D:2      | 1109 ||| FLEEEEING.
  1111 | D:2      | 1111 ||| FLEEEEING.
  1173 | D:2      | Reached skill level 1 in Armour
  1312 | D:2      | Reached XP level 4. HP: 36/36 MP: 4/4
  1514 | D:2      | Found a runed translucent door.
  1515 | D:2      | Noticed Crazy Yiuf
  1544 | D:2      | Found a faded altar of an unknown god.
  1630 | D:2      | Reached skill level 5 in Ranged Weapons
  1988 | D:2      | 1988 ||| READING scroll labelled PEJODE ALUT.
  1989 | D:2      | 1989 ||| READING scroll labelled NUTAOL TOGHE.
  1990 | D:2      | 1990 ||| READING 4 scrolls labelled HITARA QIUC.
  2031 | D:2      | 2031 ||| DRINKING 2 cyan potions.
  2032 | D:2      | 2032 ||| READING 5 scrolls of identify.
  2032 | D:2      | 2032 ||| IDENTIFYING smoky pink potion
  2033 | D:2      | 2033 ||| READING 4 scrolls of identify.
  2033 | D:2      | 2033 ||| IDENTIFYING ruby potion
  2034 | D:2      | 2034 ||| DROPPING potion of brilliance.
  2066 | D:3      | 2066 ||| STAIRDANCE
  2073 | D:2      | HP: 7/36 [orc/+0 whip (4)]
  2074 | D:2      | 2074 ||| READING 3 scrolls of teleportation.
  2076 | D:2      | HP: 1/36 [orc/+0 club (4)]
  2077 | D:2      | Succumbed to an adder's poison

Levels and vault maps discovered:
D:1:      minmay_arrival_statue_studded, layout_basic, st_stairs_14
D:2:      minmay_chambers_of_ones, layout_basic,
          dreamdust_ecumenical_altar_angels_and_demons, basic_altar, hex_tiny,
          uniq_crazy_yiuf_cottage
D:3:      layout_loops_ring, serial_shops, nicolae_lakefront_shop, uniq_sigmund,
          uniq_terence

Skill      XL: |  1  2  3  4 |
---------------+-------------+-----
Ranged Weapons | 3 4 5 |  5.0
Fighting       | 2 |  2.3
Armour         | 1 |  1.0
Dodging        | |  2.1
Spellcasting   | |  1.0
Hexes          | |  2.0

Action                     |  1- 3 |  4- 6 || total
---------------------------+-------+-------++-------
   Fire: Sling             |   130 |    60 ||   190
    Use: Scroll            |     3 |     6 ||     9
         Potion            |       |     1 ||     1
 Armour: Robe              |     1 |       ||     1
         Ring mail         |    16 |    24 ||    40
  Dodge: Dodged            |    25 |    38 ||    63

Table legend:
 A = Non-vault XP
 B = Vault XP
 C = Vault XP percentage of total XP
 D = Non-vault monster count
 E = Vault monster count
 F = Vault count percentage of total count
                 A         B        C        D         E       F
            +---------+---------+-------+---------+---------+-------
      Total |     148 |      22 |  12.9 |      53 |       6 |  10.2
            +---------+---------+-------+---------+---------+-------
        D:1 |      44 |       2 |   4.3 |      21 |       1 |   4.5
        D:2 |     102 |      20 |  16.4 |      31 |       5 |  13.9
        D:3 |       2 |       0 |   0.0 |       1 |       0 |   0.0
            +---------+---------+-------+---------+---------+-------
